| TOP OF THE 1ST |
|
Reading Fightin Phils batting - Pitching for Springfield Cardinals : RHP Jorge Aguilar
|
|
Pitching: RHP Jorge Aguilar
|
|
|
Batting: RHB Alberto Ramirez
|
0-0: SINGLE (Groundball, 5S, EV 65.6 MPH) (infield hit)
|
|
Batting: RHB Chris Myers
|
0-0: Called Strike 0-1: Ball 1-1: Fly out, F8 (Flyball, 89M, EV 89.4 MPH)
|
|
Batting: RHB Alan Weller
|
0-0: Ball 1-0: Called Strike Alberto Ramirez steals 2nd base (no throw) 1-1: Ball 2-1: Fly out, F7 (Flyball, 7S, EV 87.5 MPH)
|
|
Batting: LHB Josh George
|
0-0: Ball 1-0: Ball 2-0: Foul Ball, location: 2F 2-1: Foul Ball, location: 2F 2-2: Strikes out swinging
|
| Top of the 1st over - 0 runs, 1 hit, 0 errors, 1 left on base; Reading 0 - Springfield 0 |
| BOTTOM OF THE 1ST |
|
Springfield Cardinals batting - Pitching for Reading Fightin Phils : RHP Chris Perteet
|
|
Pitching: RHP Chris Perteet
|
|
|
Batting: RHB Rick O'Reilly
|
0-0: Called Strike 0-1: Called Strike 0-2: Foul Ball, location: 2F 0-2: Ball 1-2: Ball 2-2: Ball 3-2: Ground out U3 (Groundball, 3S, EV 83.1 MPH)
|
|
Batting: RHB Justin Reich
|
0-0: Swinging Strike 0-1: Ball 1-1: Ground out 1-3 (Groundball, 25, EV 76.2 MPH)
|
|
Batting: LHB Ichiro Toyota
|
0-0: Ball 1-0: Fly out, F8 (Flyball, 89M, EV 98.1 MPH)
|
| Bottom of the 1st over - 0 runs, 0 hits, 0 errors, 0 left on base; Reading 0 - Springfield 0 |
| TOP OF THE 2ND |
|
Reading Fightin Phils batting - Pitching for Springfield Cardinals : RHP Jorge Aguilar
|
|
Batting: RHB Zach Downs
|
0-0: Ball 1-0: Ball 2-0: Ball 3-0: Called Strike 3-1: Called Strike 3-2: Foul Ball, location: 2F 3-2: Foul Ball, location: 2F 3-2: Ground out 5-3 (Groundball, 56, EV 106.2 MPH)
|
|
Batting: LHB Danny Zuniga
|
0-0: Called Strike 0-1: Called Strike 0-2: SINGLE (Groundball, 25, EV 65.0 MPH) (infield hit)
|
|
Batting: RHB Matt McDevitt
|
0-0: Grounds into double play, 5-4-3 (Groundball, 5, EV 104.4 MPH)
|
| Top of the 2nd over - 0 runs, 1 hit, 0 errors, 0 left on base; Reading 0 - Springfield 0 |
| BOTTOM OF THE 2ND |
|
Springfield Cardinals batting - Pitching for Reading Fightin Phils : RHP Chris Perteet
|
|
Batting: RHB Mark Marks
|
0-0: Swinging Strike 0-1: Foul Ball, location: 2F 0-2: Ball 1-2: Foul Ball, location: 2F 1-2: Foul Ball, location: 2F 1-2: Strikes out looking
|
|
Batting: RHB Josh Martin
|
0-0: Called Strike 0-1: Ball 1-1: Ball 2-1: Called Strike 2-2: Foul Ball, location: 2F 2-2: Foul Ball, location: 2F 2-2: Ball 3-2: Base on Balls
|
|
Batting: RHB Mark Cahill
|
0-0: Foul Ball, location: 2F 0-1: Ball 1-1: Ball 2-1: Ball 3-1: Foul Ball, location: 2F 3-2: Ground out 5-3 (Groundball, 25, EV 85.6 MPH) Josh Martin to second
|
|
Batting: RHB Immel Kamuzu
|
0-0: Ball 1-0: Ball 2-0: Called Strike 2-1: Called Strike 2-2: Ball 3-2: Base on Balls
|
|
Batting: LHB Yeong-hun Joe
|
0-0: Ball 1-0: Ball 2-0: Fielders Choice at 2nd, 6-4 (Groundball, 6, EV 81.2 MPH)
|
| Bottom of the 2nd over - 0 runs, 0 hits, 0 errors, 2 left on base; Reading 0 - Springfield 0 |
| TOP OF THE 3RD |
|
Reading Fightin Phils batting - Pitching for Springfield Cardinals : RHP Jorge Aguilar
|
|
Batting: RHB Allen Deschamps
|
0-0: Ball 1-0: Foul Ball, location: 2F 1-1: Called Strike 1-2: Ground out 6-3 (Groundball, 6, EV 90.6 MPH)
|
|
Batting: RHB Frank Ramirez
|
0-0: Called Strike 0-1: Swinging Strike 0-2: Ball 1-2: Foul Ball, location: 2F 1-2: Ground out 6-3 (Groundball, 6S, EV 68.8 MPH)
|
|
Batting: RHB Alberto Ramirez
|
0-0: Ball 1-0: Swinging Strike 1-1: Called Strike 1-2: SINGLE (Flyball, 34D, EV 91.2 MPH)
|
|
Batting: RHB Chris Myers
|
0-0: Called Strike Alberto Ramirez is caught stealing 2nd base 2-4
|
| Top of the 3rd over - 0 runs, 1 hit, 0 errors, 0 left on base; Reading 0 - Springfield 0 |
| BOTTOM OF THE 3RD |
|
Springfield Cardinals batting - Pitching for Reading Fightin Phils : RHP Chris Perteet
|
|
Batting: RHB Josh Broome
|
0-0: Called Strike 0-1: Foul Ball, location: 2F 0-2: Ball 1-2: Foul Ball, location: 2F 1-2: Ball 2-2: Foul Ball, location: 2F 2-2: Ball 3-2: DOUBLE (Groundball, 5L, EV 100.6 MPH)
|
|
Batting: RHB Rick O'Reilly
|
0-0: Ball 1-0: Ball 2-0: Ground out 6-3 (Groundball, 6, EV 93.1 MPH) Josh Broome to third
|
|
Batting: RHB Justin Reich
|
0-0: SINGLE (Groundball, 56D, EV 88.8 MPH) (infield hit) Josh Broome scores
|
|
Batting: LHB Ichiro Toyota
|
0-0: Called Strike 0-1: Ball 1-1: Ball 2-1: Ball 3-1: Base on Balls Justin Reich to second
|
|
Batting: RHB Mark Marks
|
0-0: Ball Justin Reich steals 3rd, throwing error, E2 Justin Reich scores Ichiro Toyota to third 1-0: SINGLE (Groundball, 6D, EV 110.6 MPH) Ichiro Toyota scores
|
|
Batting: RHB Josh Martin
|
0-0: SINGLE (Line Drive, 9LS, EV 98.8 MPH) Mark Marks to second
|
|
Batting: RHB Mark Cahill
|
0-0: Called Strike 0-1: SINGLE (Groundball, 4M, EV 91.9 MPH) (infield hit) Mark Marks to third Josh Martin to second
|
|
Batting: RHB Immel Kamuzu
|
0-0: Ball 1-0: Grounds into double play, 4-6-3 (Groundball, 4, EV 83.8 MPH)
|
| Bottom of the 3rd over - 3 runs, 5 hits, 1 error, 2 left on base; Reading 0 - Springfield 3 |
| TOP OF THE 4TH |
|
Reading Fightin Phils batting - Pitching for Springfield Cardinals : RHP Jorge Aguilar
|
|
Batting: RHB Chris Myers
|
0-0: Foul Ball, location: 2F 0-1: Ball 1-1: Ball 2-1: Foul Ball, location: 2F 2-2: DOUBLE (Flyball, 7LD, EV 105.6 MPH)
|
|
Batting: RHB Alan Weller
|
0-0: Called Strike Chris Myers steals 3rd base 0-1: Fly out, F8 (Flyball, 8RD, EV 86.9 MPH) Runner from 3rd tags up, OUT at HOME! 8-2
|
|
Batting: LHB Josh George
|
0-0: Ball 1-0: Ground out 4-3 (Groundball, 4, EV 84.4 MPH)
|
| Top of the 4th over - 0 runs, 1 hit, 0 errors, 0 left on base; Reading 0 - Springfield 3 |
| BOTTOM OF THE 4TH |
|
Springfield Cardinals batting - Pitching for Reading Fightin Phils : RHP Chris Perteet
|
|
Batting: LHB Yeong-hun Joe
|
0-0: Ball 1-0: Swinging Strike 1-1: Ball 2-1: Ball 3-1: Base on Balls
|
|
Batting: RHB Josh Broome
|
0-0: Ball 1-0: 2-RUN HOME RUN (Flyball, 9D, EV 100.6 MPH), Distance : 385 ft
|
|
Pitching: LHP Scott Hopkins
|
|
|
Batting: RHB Rick O'Reilly
|
0-0: SINGLE (Line Drive, 8LS, EV 95.6 MPH)
|
|
Batting: RHB Justin Reich
|
0-0: Ball Rick O'Reilly steals 2nd, throwing error, E2 Rick O'Reilly to third 1-0: Called Strike 1-1: Ball 2-1: Ball 3-1: Fly out, F4 (Popup, 34D, EV 55.6 MPH)
|
|
Batting: LHB Ichiro Toyota
|
0-0: Ball 1-0: Ball 2-0: Ball 3-0: Called Strike 3-1: Base on Balls
|
|
Batting: RHB Mark Marks
|
0-0: Ball 1-0: Ball Ichiro Toyota steals 2nd base 2-0: Called Strike 2-1: Ball 3-1: Foul Ball, location: 2F 3-2: Foul Ball, location: 2F 3-2: Foul Ball, location: 2F 3-2: Fly out, F4 (Line Drive, 4, EV 70.6 MPH)
|
|
Batting: RHB Josh Martin
|
0-0: Called Strike 0-1: Ball 1-1: Ball 2-1: SINGLE (Groundball, 6MS, EV 68.8 MPH) (infield hit) Rick O'Reilly scores Ichiro Toyota to third
|
|
Batting: RHB Mark Cahill
|
0-0: Ball 1-0: Called Strike 1-1: DOUBLE (Flyball, 8LXD, EV 98.1 MPH) Ichiro Toyota scores Josh Martin to third Runner from 3rd tries for Home, SAFE, throw by CF to trailing runner, OUT at third! 8-3-5
|
| Bottom of the 4th over - 5 runs, 4 hits, 1 error, 0 left on base; Reading 0 - Springfield 8 |
| TOP OF THE 5TH |
|
Reading Fightin Phils batting - Pitching for Springfield Cardinals : RHP Jorge Aguilar
|
|
Batting: RHB Zach Downs
|
0-0: Ball 1-0: Called Strike 1-1: Foul Ball, location: 2F 1-2: Foul Ball, location: 2F 1-2: Ball 2-2: Foul Ball, location: 2F 2-2: Ball 3-2: Base on Balls
|
|
Batting: LHB Danny Zuniga
|
0-0: Ball 1-0: Ball 2-0: Grounds into double play, 1-6-3 (Groundball, P, EV 70.0 MPH)
|
|
Batting: RHB Matt McDevitt
|
0-0: Ball 1-0: Ball 2-0: Ball 3-0: Ground out 6-3 (Groundball, 6MS, EV 85.6 MPH)
|
| Top of the 5th over - 0 runs, 0 hits, 0 errors, 0 left on base; Reading 0 - Springfield 8 |
| BOTTOM OF THE 5TH |
|
Springfield Cardinals batting - Pitching for Reading Fightin Phils : LHP Scott Hopkins
|
|
Batting: RHB Immel Kamuzu
|
0-0: Foul Ball, location: 2F 0-1: Ball 1-1: SINGLE (Groundball, 34D, EV 98.1 MPH)
|
|
Batting: LHB Yeong-hun Joe
|
0-0: Foul Ball, location: 2F 0-1: Ball 1-1: Called Strike 1-2: Strikes out swinging
|
|
Batting: RHB Josh Broome
|
0-0: Fielders Choice at 2nd, 6-4 (Groundball, 6, EV 90.6 MPH)
|
|
Batting: RHB Rick O'Reilly
|
0-0: Swinging Strike 0-1: SINGLE (Groundball, 6M, EV 98.8 MPH) Josh Broome to second
|
|
Batting: RHB Justin Reich
|
0-0: Called Strike 0-1: Ball 1-1: Ball 2-1: Ground out 3-1 (Groundball, 34, EV 97.5 MPH)
|
| Bottom of the 5th over - 0 runs, 2 hits, 0 errors, 2 left on base; Reading 0 - Springfield 8 |
| TOP OF THE 6TH |
|
Reading Fightin Phils batting - Pitching for Springfield Cardinals : RHP Jorge Aguilar
|
|
Batting: RHB Allen Deschamps
|
0-0: Foul Ball, location: 2F 0-1: Foul Ball, location: 2F 0-2: Foul Ball, location: 2F 0-2: Ground out 6-3 (Groundball, 6, EV 107.5 MPH)
|
|
Batting: RHB Frank Ramirez
|
0-0: Reached on error, E2 (Groundball, 2L, EV 68.8 MPH)
|
|
Batting: RHB Alberto Ramirez
|
0-0: Ball Frank Ramirez steals 2nd, throwing error, E2 Frank Ramirez to third 1-0: Foul Ball, location: 2F 1-1: Foul Ball, location: 2F 1-2: DOUBLE (Line Drive, 89M, EV 101.2 MPH) Frank Ramirez scores
|
|
Batting: RHB Chris Myers
|
0-0: Called Strike 0-1: SINGLE (Groundball, 6MD, EV 98.8 MPH) Alberto Ramirez to third Runner from 3rd tries for Home, SAFE, throw by CF to home
|
|
Batting: RHB Alan Weller
|
0-0: Called Strike 0-1: Ball 1-1: SINGLE (Line Drive, 9S, EV 99.4 MPH) Chris Myers to second
|
|
Batting: LHB Josh George
|
0-0: Called Strike 0-1: Swinging Strike 0-2: Ball 1-2: Foul Ball, location: 2F 1-2: Strikes out looking
|
|
Batting: RHB Zach Downs
|
0-0: Ball 1-0: Called Strike 1-1: Foul Ball, location: 2F 1-2: Ball 2-2: Foul Ball, location: 2F 2-2: Ball 3-2: Ground out U3 (Groundball, 3, EV 85.6 MPH)
|
| Top of the 6th over - 2 runs, 3 hits, 2 errors, 2 left on base; Reading 2 - Springfield 8 |
| BOTTOM OF THE 6TH |
|
Springfield Cardinals batting - Pitching for Reading Fightin Phils : LHP Scott Hopkins
|
|
Batting: LHB Ichiro Toyota
|
0-0: Called Strike 0-1: SINGLE (Groundball, 25, EV 71.2 MPH) (infield hit)
|
|
Batting: RHB Mark Marks
|
0-0: Ball 1-0: Grounds into double play, 4-6-3 (Groundball, 4, EV 84.4 MPH)
|
|
Batting: RHB Josh Martin
|
0-0: Called Strike 0-1: Ball 1-1: Ground out 6-3 (Groundball, 6, EV 81.9 MPH)
|
| Bottom of the 6th over - 0 runs, 1 hit, 0 errors, 0 left on base; Reading 2 - Springfield 8 |
| TOP OF THE 7TH |
|
Reading Fightin Phils batting - Pitching for Springfield Cardinals : RHP Jorge Aguilar
|
|
Batting: LHB Danny Zuniga
|
0-0: Ball 1-0: Ball 2-0: Ground out 6-3 (Groundball, 4M, EV 88.8 MPH)
|
|
Batting: RHB Matt McDevitt
|
0-0: Ground out 4-3 (Groundball, 34, EV 107.5 MPH)
|
|
Batting: RHB Allen Deschamps
|
0-0: Fly out, F8 (Flyball, 8RS, EV 88.1 MPH)
|
| Top of the 7th over - 0 runs, 0 hits, 0 errors, 0 left on base; Reading 2 - Springfield 8 |
| BOTTOM OF THE 7TH |
|
Springfield Cardinals batting - Pitching for Reading Fightin Phils : LHP Scott Hopkins
|
|
Batting: RHB Mark Cahill
|
0-0: Ball 1-0: Ball 2-0: Called Strike 2-1: Called Strike 2-2: Fly out, F8 (Line Drive, 78M, EV 92.5 MPH)
|
|
Batting: RHB Immel Kamuzu
|
0-0: Ball 1-0: SINGLE (Groundball, 6MD, EV 103.1 MPH)
|
|
Pitching: RHP Marcos Tapia
|
|
|
Batting: LHB Yeong-hun Joe
|
0-0: Fielders Choice at 2nd, 4-6 (Groundball, 4, EV 88.1 MPH)
|
|
Batting: RHB Josh Broome
|
0-0: Swinging Strike 0-1: Ball 1-1: Foul Ball, location: 2F 1-2: Fly out, F9 (Flyball, 9, EV 91.9 MPH)
|
| Bottom of the 7th over - 0 runs, 1 hit, 0 errors, 1 left on base; Reading 2 - Springfield 8 |
| TOP OF THE 8TH |
|
Reading Fightin Phils batting - Pitching for Springfield Cardinals : RHP Jorge Aguilar
|
|
Batting: RHB Frank Ramirez
|
0-0: Ball 1-0: Ball 2-0: Called Strike 2-1: Called Strike 2-2: Strikes out looking
|
|
Pitching: LHP Carlos Salcido
|
|
|
Batting: RHB Alberto Ramirez
|
0-0: Swinging Strike 0-1: Ball 1-1: Ball 2-1: Ground out 6-3 (Groundball, 6, EV 105.6 MPH)
|
|
Batting: RHB Chris Myers
|
0-0: Ball 1-0: Swinging Strike 1-1: Ball 2-1: SINGLE (Groundball, 56D, EV 107.5 MPH) (infield hit)
|
|
Batting: RHB Alan Weller
|
0-0: Foul Ball, location: 2F 0-1: Foul Ball, location: 2F 0-2: Ball 1-2: Foul Ball, location: 2F 1-2: Ball 2-2: Ground out 4-3 (Groundball, 34, EV 105.6 MPH)
|
| Top of the 8th over - 0 runs, 1 hit, 0 errors, 1 left on base; Reading 2 - Springfield 8 |
| BOTTOM OF THE 8TH |
|
Springfield Cardinals batting - Pitching for Reading Fightin Phils : RHP Marcos Tapia
|
|
Batting: RHB Rick O'Reilly
|
0-0: Ball 1-0: Ball 2-0: Ground out 6-3 (Groundball, 6, EV 86.2 MPH)
|
|
Batting: RHB Justin Reich
|
0-0: DOUBLE (Line Drive, 8RXD, EV 101.9 MPH)
|
|
Batting: LHB Ichiro Toyota
|
0-0: Ball 1-0: Foul Ball, location: 2F 1-1: Foul Ball, location: 2F 1-2: Fly out, F9 (Flyball, 89M, EV 91.2 MPH)
|
|
Batting: RHB Mark Marks
|
0-0: Ball 1-0: Fly out, F8 (Line Drive, 8RM, EV 111.9 MPH)
|
| Bottom of the 8th over - 0 runs, 1 hit, 0 errors, 1 left on base; Reading 2 - Springfield 8 |
| TOP OF THE 9TH |
|
Reading Fightin Phils batting - Pitching for Springfield Cardinals : LHP Carlos Salcido
|
|
Batting: LHB Josh George
|
0-0: Ball 1-0: Ball 2-0: Ground out 5-3 (Groundball, 5, EV 96.2 MPH)
|
|
Batting: RHB Zach Downs
|
0-0: Called Strike 0-1: Ball 1-1: SINGLE (Line Drive, 7LS, EV 94.4 MPH)
|
|
Batting: LHB Danny Zuniga
|
0-0: Grounds into double play, 4-6-3 (Groundball, 4S, EV 80.0 MPH)
|
| Top of the 9th over - 0 runs, 1 hit, 0 errors, 0 left on base; Reading 2 - Springfield 8 |
|